 Dungeon Crawl Stone Soup version 0.26-a0-690-gcb57259078 (webtiles) character file.

Game seed: 1784347316820372928

13766 robertstho the Summoner (level 12, 0/97 HPs)
             Began as a Gnoll Summoner on Oct 23, 2020.
             Was an Elder of Sif Muna.
             Slain by a black mamba (9 damage)
             ... on level 2 of the Lair of Beasts.
             The game lasted 00:42:40 (22373 turns).

robertstho the Summoner (Gnoll Summoner)           Turns: 22373, Time: 00:42:41

Health: 0/97       AC:  6    Str: 15    XL:     12   Next: 9%
Magic:  31/33      EV: 19    Int: 17    God:    Sif Muna [****..]
Gold:   516        SH:  5    Dex: 19    Spells: 11/28 levels left

rFire    . . .     SeeInvis +   O - +4 flail of the Heavens {vorpal, rElec rC+ MP+9 Int-4}
rCold    + + .     Faith    .   (no shield)
rNeg     . . .     Spirit   .   a - +0 robe
rPois    .         Reflect  +   K - +0 helmet
rElec    +         Harm     .   m - +0 cloak
rCorr    .         Rampage  .   (no gloves)
MR       .....                  t - +0 pair of boots
Stlth    ++++......             I - amulet of reflection
HPRegen  0.26/turn              h - ring "Gopyod" {rC+ Str+4 Dex+4}
MPRegen  0.23/turn              G - ring of see invisible

@: slowed, very slow
A: distributed training, fangs 1, clumsy 1, robust 1, strong nose
a: Channel Magic, Forget Spell, Divine Exegesis, Renounce Religion


You were on level 2 of the Lair of Beasts.
You worshipped Sif Muna.
Sif Muna was greatly pleased with you.
You visited 3 branches of the dungeon, and saw 15 of its levels.

You collected 742 gold pieces.
You spent 226 gold pieces at shops.

Inventory:

Hand Weapons
 r - a +4 quarterstaff of chaos
 B - a +2 halberd of venom
 O - the +4 flail of the Heavens (weapon) {vorpal, rElec rC+ MP+9 Int-4}
   (You found it on level 2 of the Lair of Beasts)

   It inflicts extra damage upon your enemies.
   It affects your intelligence (-4).
   It protects you from cold.
   It insulates you from electricity.
   It affects your magic capacity (+9).
Missiles
 q - 13 curare-tipped darts (quivered)
Armour
 a - a +0 robe (worn)
 m - a +0 cloak (worn)
 t - a +0 pair of boots (worn)
 K - a +0 helmet (worn)
Jewellery
 c - a +6 ring of strength {unknown}
 h - the ring "Gopyod" (left hand) {rC+ Str+4 Dex+4}
   (You took it off a big kobold on level 11 of the Dungeon)

   [ring of protection from cold]

   It affects your strength (+4).
   It affects your dexterity (+4).
   It protects you from cold.
 p - an uncursed ring of positive energy
 s - an uncursed ring of resist corrosion
 A - an uncursed ring of protection from cold
 C - an uncursed ring of flight
 E - an uncursed ring of positive energy
 G - a ring of see invisible (right hand)
 I - an amulet of reflection (around neck)
Wands
 w - a wand of acid (9)
 M - a wand of disintegration (13)
Scrolls
 b - 3 scrolls of enchant weapon {unknown}
 e - a scroll of holy word {unknown}
 f - 6 scrolls of enchant armour
 j - 2 scrolls of blinking
 l - 4 scrolls of remove curse
 n - 2 scrolls of teleportation
 u - 5 scrolls of fog
 x - 5 scrolls of immolation
 y - 6 scrolls of magic mapping
 F - a scroll of vulnerability {unknown}
Potions
 d - a potion of invisibility {unknown}
 g - 3 potions of brilliance
 i - 2 potions of might
 k - a potion of ambrosia
 o - 2 potions of lignification
 v - a potion of magic
 z - a potion of cancellation
 D - 2 potions of stabbing
 H - 2 potions of haste {unknown}
 J - a potion of curing
 L - a potion of flight {unknown}
 N - a potion of resistance {unknown}


   Skills:
 + Level 6.9 Fighting
 + Level 6.9 Short Blades
 + Level 6.9 Long Blades
 + Level 6.9 Axes
 + Level 6.9 Maces & Flails
 + Level 6.9 Polearms
 + Level 6.9 Staves
 + Level 6.9 Slings
 + Level 6.9 Bows
 + Level 6.9 Crossbows
 + Level 6.9 Throwing
 + Level 6.9 Armour
 + Level 8.4 Dodging
 + Level 8.2 Stealth
 + Level 6.9 Shields
 + Level 6.9 Unarmed Combat
 + Level 8.6 Spellcasting
 + Level 5.7 Conjurations
 + Level 5.7 Hexes
 + Level 9.2 Summonings
 + Level 5.7 Necromancy
 + Level 5.7 Translocations
 + Level 5.7 Transmutations
 + Level 5.7 Fire Magic
 + Level 5.7 Ice Magic
 + Level 5.7 Air Magic
 + Level 5.7 Earth Magic
 + Level 5.7 Poison Magic
 + Level 7.6 Invocations
 + Level 6.9 Evocations


You had 11 spell levels left.
You knew the following spells:

 Your Spells              Type           Power        Failure   Level
a - Summon Small Mammal   Summ           ####         1%          1
b - Call Imp              Summ           #####...     1%          2
c - Call Canine Familiar  Summ           #####...     1%          3
d - Summon Guardian Gole  Hex/Summ       ####....     1%          3
e - Summon Ice Beast      Ice/Summ       ####....     4%          4
f - Summon Lightning Spi  Summ/Air       ####....     4%          4

Your spell library contained the following spells:

 Spells                   Type           Power        Failure   Level
 Corona                   Hex            ####...      1%          1
 Magic Dart               Conj           ####         1%          1
 Blink                    Tloc           N/A          1%          2
 Ensorcelled Hibernation  Hex/Ice        ####..       1%          2
 Slow                     Hex            ####....     1%          2
 Confusing Touch          Hex            ####....     2%          3
 Conjure Flame            Conj/Fire      ####....     2%          3
 Dazzling Flash           Conj/Hex       ####..       2%          3
 Mephitic Cloud           Conj/Pois/Air  ####....     2%          3
 Tukima's Dance           Hex            ####....     2%          3


Dungeon Overview and Level Annotations

Branches:
Dungeon (11/15)            Temple (1/1) D:6            Lair (3/6) D:8
 Shoals (0/4) Lair:2        Snake (0/4) Lair:2          Orc (0/2) D:11

Altars:
Ashenzari
Cheibriados
Dithmenos
Elyvilon
Fedhas
Gozag
Hepliaklqana
Kikubaaqudgha
Makhleb
Nemelex Xobeh
Okawaru
Qazlal
Ru
Sif Muna
Trog
Uskayaw
Vehumet
Wu Jian
Xom
Yredelemnul
Zin
The Shining One

Shops:
D:4 :   D:8 ?   D:9 }

Annotations:
D:10 3 runed translucent doors, lunkers's ghost, novice DrTm
Lair:1 3 runed translucent doors, Tien's ghost, journeyman DrWn
Lair:3 Sonja


Innate Abilities, Weirdness & Mutations

Your experience applies equally to all skills.
You have very sharp teeth.
Your uncanny sense of smell can sniff out nearby items.
You are clumsy. (Dex -2)
You are robust. (+10% HP)


Message History

You feel sick. The black mamba misses you.
Your wolf bites the black mamba!
The black mamba bites you!!
Your wolf misses the black mamba. The black mamba bites you!
Unknown command.
You hit the black mamba. Your punch misses the black mamba.
You bite the black mamba, but do no damage.
The black mamba is almost dead.
You feel sick. The black mamba bites you!
* * * LOW HITPOINT WARNING * * *
Your wolf misses the black mamba. The black mamba bites you!
* * * LOW HITPOINT WARNING * * *
You are lethally poisoned!
The black mamba poisons you!
Your wolf closely misses the black mamba.
The black mamba bites you!
* * * LOW HITPOINT WARNING * * *
Your wolf barely misses the black mamba.
You feel better. You block the black mamba's attack.
Your wolf misses the black mamba. The black mamba bites you!
You die...

##..................#.
#............P..#...#.
##.............##.....
#..........≈..#.P....#
##.........≈.#.P#...##
#.........≈.....#....
#.........≈♣♣...#....
#.........≈♣♣♣♣.....#
##...@.....≈≈≈≈≈≈.....
##..)S.................
#...h..........<.......
##############.......##
#.....##.## #..#..###..
#..#....... #..##.###..
##.##.# ##.


You could see a black mamba and a friendly wolf (summoned).

Vanquished Creatures
  A manticore (D:11)
  A black mamba (Lair:2)
  A merfolk siren (Lair:2)
  2 komodo dragons (Lair:2)
  2 polar bears (Lair:2)
  A hornet (Lair:2)
  4 yaks
  A water moccasin (Lair:2)
  A black bear (Lair:2)
  2 ice beasts
  A phantom (D:11)
  A centaur (D:8)
  6 bullfrogs
  A scorpion (D:9)
  3 killer bees
  A wight (D:10)
  A howler monkey (D:8)
  A nameless horror (Lair:1)
  A bullfrog zombie (D:9)
  2 hounds (D:8)
  A bullfrog skeleton (D:11)
  An orc wizard (D:10)
  4 worker ants
  A hound skeleton (D:5)
  A hound zombie (D:10)
  3 adders
  An ufetubus (D:8)
  An ooze (D:2)
  An adder zombie (D:8)
  2 worms
  3 dart slugs
  5 leopard geckos
  5 orcs
  2 giant cockroaches (D:2)
  3 goblins
  4 hobgoblins
  6 jackals
  6 kobolds
  3 quokkas
  4 bats
  2 frilled lizards
  6 rats
99 creatures vanquished.

Vanquished Creatures (collateral kills)
  Snorg (D:11)
  2 hydras
  2 two-headed ogres
  An unseen horror (D:11)
  A glowing orange brain (D:10)
  A lindwurm (Lair:2)
  5 ugly things (D:10)
  An oklob plant (Lair:1)
  A cyclops (D:11)
  Joseph (D:7)
  2 cane toads
  A komodo dragon (Lair:1)
  A rime drake (Lair:1)
  3 polar bears (Lair:2)
  2 trolls
  A wyvern (Lair:2)
  24 yaks
  3 vampire mosquitoes (D:11)
  A naga (Lair:2)
  2 water moccasins
  4 black bears
  6 sky beasts
  4 orc warriors
  An ice beast (D:11)
  3 ogres
  6 wolves (Lair:1)
  2 centaurs
  A nameless horror (D:8)
  3 big kobolds
  5 bullfrogs
  2 scorpions (D:7)
  A water moccasin skeleton (D:8)
  10 killer bees
  3 howler monkeys
  13 wights
  An electric eel (Lair:2)
  2 jellies
  A quasit (D:8)
  2 bullfrog skeletons
  A hound (D:10)
  8 orc priests
  17 orc wizards
  Crazy Yiuf (D:7)
  3 centaur skeletons
  3 iguanas
  8 worker ants
  2 worker ant zombies
  A gnoll (D:4)
  4 adders
  A shadow imp (D:6)
  4 white imps
  3 ufetubi
  An ooze (D:6)
  An adder zombie (D:8)
  An adder skeleton (D:7)
  A worm (D:2)
  10 dart slugs
  3 leopard geckos
  35 orcs
  3 giant cockroaches
  3 goblins
  7 hobgoblins
  12 jackals
  20 kobolds
  A quokka (D:9)
  A ball python (D:4)
  2 bats
  A frilled lizard (D:3)
  A leopard gecko skeleton (D:5)
  A leopard gecko zombie (D:5)
  A rat (D:2)
287 creatures vanquished.

Vanquished Creatures (others)
  A vampire mosquito (D:11)
  A wight (D:10)
  14 fungi
  57 plants
73 creatures vanquished.

Grand Total: 459 creatures vanquished

Notes
Turn   | Place    | Note
-------+----------+-------------------------------------------
     0 | D:1      | robertstho the Gnoll Summoner began the quest for the Orb.
     0 | D:1      | Reached XP level 1. HP: 13/13 MP: 6/6
   574 | D:1      | Reached XP level 2. HP: 19/19 MP: 7/7
   599 | D:1      | Learned a level 2 spell: Call Imp
  1308 | D:1      | Reached XP level 3. HP: 13/25 MP: 6/9
  1609 | D:1      | Reached skill level 5 in Spellcasting
  2169 | D:2      | Reached skill level 1 in Invocations
  2529 | D:2      | Reached skill level 1 in Fighting
  2529 | D:2      | Reached skill level 1 in Short Blades
  2529 | D:2      | Reached skill level 1 in Long Blades
  2529 | D:2      | Reached skill level 1 in Axes
  2529 | D:2      | Reached skill level 1 in Maces & Flails
  2529 | D:2      | Reached skill level 1 in Polearms
  2529 | D:2      | Reached skill level 1 in Staves
  2529 | D:2      | Reached skill level 1 in Slings
  2529 | D:2      | Reached skill level 1 in Bows
  2529 | D:2      | Reached skill level 1 in Crossbows
  2529 | D:2      | Reached skill level 1 in Throwing
  2529 | D:2      | Reached skill level 1 in Armour
  2529 | D:2      | Reached skill level 1 in Shields
  2529 | D:2      | Reached skill level 1 in Unarmed Combat
  2529 | D:2      | Reached skill level 1 in Evocations
  2572 | D:2      | Learned a level 3 spell: Call Canine Familiar
  2576 | D:2      | Learned a level 3 spell: Summon Guardian Golem
  2831 | D:2      | Reached XP level 4. HP: 31/32 MP: 4/11
  3021 | D:2      | Gained mutation: You are clumsy. (Dex -2) [potion of
                  | mutation]
  3021 | D:2      | Gained mutation: You are robust. (+10% HP) [potion of
                  | mutation]
  3400 | D:2      | Learned a level 4 spell: Summon Ice Beast
  4038 | D:3      | Reached skill level 1 in Conjurations
  4038 | D:3      | Reached skill level 1 in Hexes
  4038 | D:3      | Reached skill level 1 in Necromancy
  4038 | D:3      | Reached skill level 1 in Translocations
  4038 | D:3      | Reached skill level 1 in Transmutations
  4038 | D:3      | Reached skill level 1 in Fire Magic
  4038 | D:3      | Reached skill level 1 in Ice Magic
  4038 | D:3      | Reached skill level 1 in Air Magic
  4038 | D:3      | Reached skill level 1 in Earth Magic
  4038 | D:3      | Reached skill level 1 in Poison Magic
  4766 | D:4      | Reached XP level 5. HP: 12/40 MP: 3/12
  4947 | D:4      | Noticed an ogre
  4958 | D:4      | Killed an ogre
  5297 | D:4      | Noticed an ogre
  5323 | D:4      | Killed an ogre
  5407 | D:4      | Reached XP level 6. HP: 48/48 MP: 7/13
  5618 | D:4      | Found Ajinym's Book Boutique.
  5700 | D:5      | Entered Level 5 of the Dungeon
  5857 | D:5      | Noticed a sky beast
  5882 | D:5      | Killed a sky beast
  5882 | D:5      | Reached skill level 5 in Dodging
  6120 | D:5      | HP: 2/48 [something/puff of flame (19)]
  6758 | D:5      | Reached XP level 7. HP: 55/55 MP: 8/15
  6847 | D:5      | Found a basalt altar of Yredelemnul.
  7362 | D:6      | Found a bloodstained altar of Trog.
  7365 | D:6      | Found an ornate altar of the Wu Jian Council.
  7365 | D:6      | Found a shadowy altar of Dithmenos.
  8068 | D:6      | Found a staircase to the Ecumenical Temple.
  8531 | D:7      | Found a shimmering altar of Xom.
  8633 | D:7      | Reached skill level 5 in Stealth
  8721 | D:7      | Found a runed translucent door.
  8722 | D:7      | Noticed Crazy Yiuf
  8769 | D:7      | Noticed Joseph
  9087 | Temple   | Entered the Ecumenical Temple
  9306 | Temple   | Became a worshipper of Sif Muna the Loreminder
  9380 | D:6      | Learned a level 4 spell: Summon Lightning Spire
  9968 | D:7      | Reached XP level 8. HP: 19/62 MP: 3/16
 10557 | D:7      | Killed Joseph
 10812 | D:7      | Killed Crazy Yiuf
 11237 | D:8      | Reached * piety under Sif Muna
 11260 | D:8      | Reached XP level 9. HP: 25/71 MP: 11/18
 11528 | D:8      | Noticed a two-headed ogre
 11540 | D:8      | Killed a two-headed ogre
 11631 | D:8      | Found Yladghoh's Magic Scroll Boutique.
 11634 | D:8      | Bought a scroll of noise for 13 gold pieces
 11634 | D:8      | Bought a scroll of enchant armour for 97 gold pieces
 11634 | D:8      | Bought a scroll of amnesia for 45 gold pieces
 11634 | D:8      | Bought a scroll of identify for 26 gold pieces
 11634 | D:8      | Bought a scroll of magic mapping for 45 gold pieces
 12035 | D:8      | Reached skill level 8 in Summonings
 12142 | D:8      | Found a staircase to the Lair.
 12681 | D:9      | Noticed a two-headed ogre
 12689 | D:9      | Killed a two-headed ogre
 13529 | D:9      | Reached skill level 5 in Invocations
 13603 | D:9      | Found Zubb's Gadget Boutique.
 13823 | D:10     | Entered Level 10 of the Dungeon
 13834 | D:10     | Reached ** piety under Sif Muna
 14697 | D:10     | Found a hazy altar of Hepliaklqana.
 14725 | D:10     | Reached XP level 10. HP: 80/80 MP: 8/20
 14880 | D:10     | Found a runed translucent gate.
 14880 | D:10     | Found a runed translucent gate.
 14880 | D:10     | Found a runed translucent gate.
 14881 | D:10     | Noticed a purple ugly thing
 14887 | D:10     | Noticed a glowing orange brain
 14888 | D:10     | Noticed a brown ugly thing
 14889 | D:10     | Noticed a cyan ugly thing
 14890 | D:10     | Noticed a white ugly thing
 14890 | D:10     | Noticed a white ugly thing
 14999 | D:10     | Reached *** piety under Sif Muna
 15203 | D:10     | Reached skill level 5 in Fighting
 15203 | D:10     | Reached skill level 5 in Short Blades
 15203 | D:10     | Reached skill level 5 in Long Blades
 15203 | D:10     | Reached skill level 5 in Axes
 15203 | D:10     | Reached skill level 5 in Maces & Flails
 15203 | D:10     | Reached skill level 5 in Polearms
 15203 | D:10     | Reached skill level 5 in Staves
 15203 | D:10     | Reached skill level 5 in Slings
 15203 | D:10     | Reached skill level 5 in Bows
 15203 | D:10     | Reached skill level 5 in Crossbows
 15203 | D:10     | Reached skill level 5 in Throwing
 15203 | D:10     | Reached skill level 5 in Armour
 15203 | D:10     | Reached skill level 5 in Shields
 15203 | D:10     | Reached skill level 5 in Unarmed Combat
 15203 | D:10     | Reached skill level 5 in Evocations
 15665 | D:10     | Killed a glowing orange brain
 15666 | D:10     | Killed a purple ugly thing
 15672 | D:10     | Killed a purple ugly thing
 15713 | D:10     | Killed a green ugly thing
 15715 | D:10     | Killed a brown ugly thing
 15717 | D:10     | Killed a brown ugly thing
 15960 | D:10     | Found a runed translucent gate.
 15960 | D:10     | Found a runed translucent gate.
 15963 | D:10     | Found a runed translucent gate.
 15963 | D:10     | Noticed a salamander
 15963 | D:10     | Noticed a cyclops
 15964 | D:10     | Noticed lunkers's ghost (novice DrTm)
 15968 | D:10     | Noticed a deep troll
 15968 | D:10     | a cyclops changed into a deep troll
 16542 | D:11     | Killed an unseen horror
 16816 | D:11     | Identified the ring "Gopyod" {rC+ Str+4 Dex+4}
 17011 | D:11     | Noticed a manticore
 17018 | D:11     | Killed a manticore
 17077 | D:11     | Reached XP level 11. HP: 31/89 MP: 11/22
 17741 | D:11     | Found a staircase to the Orcish Mines.
 17749 | D:11     | Reached skill level 5 in Conjurations
 17749 | D:11     | Reached skill level 5 in Hexes
 17749 | D:11     | Reached skill level 5 in Necromancy
 17749 | D:11     | Reached skill level 5 in Translocations
 17749 | D:11     | Reached skill level 5 in Transmutations
 17749 | D:11     | Reached skill level 5 in Fire Magic
 17749 | D:11     | Reached skill level 5 in Ice Magic
 17749 | D:11     | Reached skill level 5 in Air Magic
 17749 | D:11     | Reached skill level 5 in Earth Magic
 17749 | D:11     | Reached skill level 5 in Poison Magic
 17923 | D:11     | Reached **** piety under Sif Muna
 17977 | D:11     | Noticed Snorg
 18003 | D:11     | Killed Snorg
 18171 | D:11     | Noticed a cyclops
 18202 | D:11     | Killed a cyclops
 18469 | Lair:1   | Entered Level 1 of the Lair of Beasts
 18652 | Lair:1   | Noticed a four-headed hydra
 18660 | Lair:1   | Killed a four-headed hydra
 18828 | Lair:1   | Found a runed translucent gate.
 18903 | Lair:1   | Found a runed translucent gate.
 18904 | Lair:1   | Found a runed translucent gate.
 18935 | Lair:1   | Noticed a minotaur
 18938 | Lair:1   | Noticed Tien's ghost (journeyman DrWn)
 18967 | Lair:1   | Noticed an oklob plant
 19015 | Lair:1   | Killed an oklob plant
 19170 | Lair:1   | Reached skill level 9 in Summonings
 20676 | Lair:2   | Noticed an eight-headed hydra
 20690 | Lair:2   | Killed an eight-headed hydra
 20847 | Lair:2   | Noticed a lindwurm
 20859 | Lair:2   | Killed a lindwurm
 21388 | Lair:2   | Reached XP level 12. HP: 97/97 MP: 18/24
 21494 | Lair:2   | Found a staircase to the Shoals.
 22012 | Lair:2   | Found a staircase to the Snake Pit.
 22068 | Lair:2   | Got a brightly glowing flail
 22068 | Lair:2   | Identified the +4 flail of the Heavens {vorpal, rElec rC+
                  | MP+9 Int-4} (You found it on level 2 of the Lair of Beasts)
 22311 | Lair:3   | Noticed Sonja
 22372 | Lair:2   | HP: 2/97 [black mamba (11)]
 22373 | Lair:2   | Slain by a black mamba

Illustrated notes

Levels and vault maps discovered:
D:1:      sevenhm_arrival_forest_fort_large_4, layout_loops_corners
D:2:      layout_basic
D:3:      kennysheep_slugbush, layout_loops_ring, minmay_liquid_box,
          minmay_misc_feat_tower
D:4:      layout_gridville, serial_shops, kennysheep_mini, st_stairs_2
D:5:      layout_rooms, old_standard_altar
D:6:      layout_basic, grunt_temple_overflow_open,
          minmay_temple_entry_purple_smoke
D:7:      layout_basic, basic_altar, minmay_misc_feat_iff,
          uniq_crazy_yiuf_cottage, uniq_joseph
D:8:      layout_loops_cross, dpeg_oklobed_lair, serial_shops, shop
D:9:      layout_loops_corners, serial_shops, shop_statue
D:10:     layout_roguey, basic_altar,
          ploomutoo_gammafunk_ghost_potion_laboratory, hangedman_decor_lopped
D:11:     layout_roguey, nicolae_benzene_ring, uniq_snorg
Temple:   dpeg_five_rooms_temple
Lair:1:   layout_long_grid, maelrawn_ghost_gauntlet_escape, minivault_25,
          minmay_lair_oklob_items, wad_woods_road_04
Lair:2:   cheibrodos_lair_overgrown_chateau, layout_gridlike,
          minmay_shoals_entry_lonely_mermaid, guppyfry_snake_entry_garden,
          cheibrodos_lair_lostbears
Lair:3:   layout_gridlike, enter_volcano_3, chequers_serial_rivers_micro_e,
          beast_lair_carwin_2, uniq_sonja

Skill      XL: |  1  2  3  4  5  6  7  8  9 10 11 |
---------------+----------------------------------+-----
Spellcasting   | 5 6 7 8 |  8.6
Invocations    | 1 2 3 4 5 6 7 |  7.6
Fighting       | 1 2 3 4 5 6 |  6.9
Short Blades   | 1 2 3 4 5 6 |  6.9
Long Blades    | 1 2 3 4 5 6 |  6.9
Axes           | 1 2 3 4 5 6 |  6.9
Maces & Flails | 1 2 3 4 5 6 |  6.9
Polearms       | 1 2 3 4 5 6 |  6.9
Staves         | 1 2 3 4 5 6 |  6.9
Slings         | 1 2 3 4 5 6 |  6.9
Bows           | 1 2 3 4 5 6 |  6.9
Crossbows      | 1 2 3 4 5 6 |  6.9
Throwing       | 1 2 3 4 5 6 |  6.9
Armour         | 1 2 3 4 5 6 |  6.9
Shields        | 1 2 3 4 5 6 |  6.9
Unarmed Combat | 1 2 3 4 5 6 |  6.9
Evocations     | 1 2 3 4 5 6 |  6.9
Conjurations   | 1 2 3 4 5 |  5.7
Hexes          | 1 2 3 4 5 |  5.7
Necromancy     | 1 2 3 4 5 |  5.7
Translocations | 1 2 3 4 5 |  5.7
Transmutations | 1 2 3 4 5 |  5.7
Fire Magic     | 1 2 3 4 5 |  5.7
Ice Magic      | 1 2 3 4 5 |  5.7
Air Magic      | 1 2 3 4 5 |  5.7
Earth Magic    | 1 2 3 4 5 |  5.7
Poison Magic   | 1 2 3 4 5 |  5.7
Dodging        | 5 6 7 8 |  8.4
Stealth        | 5 6 7 8 |  8.2
Summonings     | 8 9 |  9.2

Action                   |  1- 3 |  4- 6 |  7- 9 | 10-12 || total
-------------------------+-------+-------+-------+-------++-------
Melee: Short sword       |    98 |    82 |    59 |       ||   239
       Bite              |    12 |     9 |    13 |    11 ||    45
       Punch             |       |       |     1 |       ||     1
       Quarterstaff      |       |       |    65 |       ||    65
       Halberd           |       |       |    24 |   121 ||   145
       Flail             |       |       |       |     2 ||     2
 Cast: Summon Small Mamm |    30 |     6 |     5 |       ||    41
       Call Imp          |     4 |    47 |    51 |     2 ||   104
       Call Canine Famil |     2 |    21 |    52 |    33 ||   108
       Summon Ice Beast  |       |       |    52 |   110 ||   162
       Summon Lightning  |       |       |     2 |    49 ||    51
Invok: Channel Magic     |       |       |       |     6 ||     6
  Use: Potion            |       |     4 |     2 |     3 ||     9
       Scroll            |       |     5 |     8 |     7 ||    20
 Stab: Sleeping          |     5 |       |     2 |     4 ||    11
       Distracted        |     1 |     2 |     2 |     4 ||     9
Armor: Robe              |    18 |    10 |    31 |    45 ||   104
Dodge: Dodged            |    87 |   100 |   210 |   181 ||   578
Block: Other             |       |       |       |    27 ||    27

Table legend: (Time is in decaauts)
 A = Elapsed time spent in this place.
 B = Non-inter-level travel time spent in this place.
 C = Inter-level travel time spent in this place.
 D = Time resting spent in this place.
 E = Time spent auto-exploring this place.
 F = Levels seen in this place.
 G = Mean time per level.
                   A        B        C        D        E       F      G
               +--------+--------+--------+--------+--------+-----+--------+
         Total |  22448 |  21650 |    798 |   2221 |  15975 |  15 | 1496.5 |
       Dungeon |  18275 |  17756 |    519 |   1631 |  13195 |  11 | 1661.4 |
        Temple |    252 |    189 |     63 |      0 |    188 |   1 |  252.0 |
          Lair |   3921 |   3706 |    215 |    590 |   2592 |   3 | 1307.0 |
               +--------+--------+--------+--------+--------+-----+--------+

Top non-repeatable levels by time:
    D:11: 2423 daAuts
  Lair:2: 2349 daAuts
    D:10: 2214 daAuts
     D:7: 1910 daAuts
     D:6: 1727 daAuts
     D:2: 1719 daAuts
     D:1: 1671 daAuts
     D:8: 1629 daAuts
  Lair:1: 1566 daAuts
     D:5: 1431 daAuts
     D:9: 1223 daAuts
     D:3: 1176 daAuts
     D:4: 1148 daAuts
  Temple: 252 daAuts
  Lair:3: 4 daAuts
